 Dungeon Crawl Stone Soup version 0.28.0 (webtiles) character file.

Game seed: 15720313229603717306

1873 Morbidden the Bolt Thrower (level 8, -7/106 HPs)
             Began as a Minotaur Hunter on Feb 11, 2022.
             Was an Initiate of Cheibriados.
             Mangled by a hornet (11 damage)
             ... on level 7 of the Dungeon.
             The game lasted 00:09:35 (8097 turns).

Morbidden the Bolt Thrower (Minotaur Hunter)        Turns: 8097, Time: 00:09:36

Health: -7/106     AC: 24    Str: 20    XL:     8   Next: 91%
Magic:  7/7        EV:  2    Int:  9    God:    Cheibriados [......]
Gold:   267        SH:  4    Dex: 12    Spells: 7/7 levels left

rFire   . . .      SeeInvis .   a - +1 war axe (elec)
rCold   . . .      Faith    .   p - +0 buckler
rNeg    . . .      Spirit   .   (armour currently unavailable)
rPois   +          Reflect  .   (helmet currently unavailable)
rElec   .          Harm     .   (cloak currently unavailable)
rCorr   .          Rampage  .   (gloves currently unavailable)
Will    .....      NoTele   +   (boots currently unavailable)
Stlth   ++........              (no amulet)
HPRegen 0.27/turn               (no ring)
MPRegen 0.10/turn               (no ring)

@: lethally poisoned (-7 -> -12), tree-form, hasted and slowed, very slow
A: stationary, stasis, torment immunity, boosted hp, (horns 2), (retaliatory
headbutt)
a: Renounce Religion


You were on level 7 of the Dungeon.
You worshipped Cheibriados.
Cheibriados was noncommittal.
You were a tree.
You visited 2 branches of the dungeon, and saw 8 of its levels.

You collected 267 gold pieces.

Inventory:

Hand Weapons
 a - a +1 war axe of electrocution (weapon)
 b - a +1 hand crossbow
 e - a +2 dagger of freezing
 l - a +2 hand axe of flaming
 t - a +4 war axe
Missiles
 d - 38 bolts
 j - 15 poisoned darts (quivered)
Armour
 p - a +0 buckler (worn)
 r - a +0 pair of gloves (melded)
 A - a +2 ring mail of willpower (melded)
Jewellery
 u - a ring of wizardry
 z - a ring of protection from fire
 E - a +6 ring of dexterity
Wands
 q - a wand of polymorph (14)
 v - a wand of iceblast (14)
 y - a wand of flame (17)
Scrolls
 g - a scroll of fear {unknown}
 h - a scroll of magic mapping {unknown}
 i - 2 scrolls of identify
 k - a scroll of vulnerability {unknown}
 n - 4 scrolls of teleportation
 s - a scroll of immolation {unknown}
 w - a scroll of noise {unknown}
 D - a scroll of fog {unknown}
Potions
 c - a potion of lignification
 f - 3 potions of degeneration
 o - a potion of invisibility {unknown}
 x - a potion of attraction {unknown}
 B - a potion of heal wounds {unknown}
 C - a potion of mutation {unknown}


   Skills:
 * Level 6.9 Fighting
 + Level 0.7 Short Blades
 * Level 4.9(5.5) Axes
 + Level 3.7(4.9) Maces & Flails
 * Level 7.0 Crossbows
 + Level 1.1 Throwing
 + Level 4.4 Armour
 * Level 5.5 Dodging
 + Level 2.1 Stealth
 + Level 1.5 Shields


You had 7 spell levels left.
You didn't know any spells.
Your spell library contained the following spells:

 Spells                   Type           Power      Damage    Failure   Level
 Magic Dart               Conj           0%         1d3       47%         1
 Call Imp                 Summ           0%         N/A       63%         2
 Gell's Gravitas          Tloc           0%         N/A       85%         3
 Ignite Poison            Fire/Tmut/Pois 0%         N/A       85%         3
 Lesser Beckoning         Tloc           0%         N/A       85%         3
 Mephitic Cloud           Conj/Pois/Air  0%         N/A       85%         3
 Teleport Other           Tloc           0%         N/A       85%         3
 Freezing Cloud           Conj/Ice/Air   0%         6-21      100%        5


Dungeon Overview and Level Annotations

Branches:
Dungeon (7/15)             Temple (1/1) D:7

Altars:
Ashenzari
Cheibriados
Dithmenos
Elyvilon
Fedhas
Gozag
Hepliaklqana
Kikubaaqudgha
Makhleb
Nemelex Xobeh
Okawaru
Qazlal
Ru
Sif Muna
Trog
Uskayaw
Vehumet
Wu Jian
Xom
Yredelemnul
Zin
The Shining One


Innate Abilities, Weirdness & Mutations

You are a tree.
Your roots penetrate the ground, keeping you stationary.
You cannot be teleported.
You are immune to unholy pain and torment.
Your maximum health is greatly increased.
Your equipment is partially melded.
((You have a pair of horns on your head.))
((You reflexively headbutt those who attack you in melee.))


Message History

The killer bee stings you but does no damage.
The hornet stings you but does no damage.
You can move again.
You miss the hornet.
The hornet is severely wounded.
You completely miss the wyvern. You closely miss the killer bee.
You feel very sick.
The killer bee stings you but does no damage.
The wyvern closely misses you. The killer bee barely misses you.
You furiously retaliate!
You headbutt the killer bee! The hornet stings you!
You feel as though you will be slow longer.
The wyvern bites you but does no damage.
The killer bee closely misses you. You furiously retaliate!
You headbutt the killer bee, but do no damage.
You block the hornet's attack. The wyvern bites you!
* * * LOW HITPOINT WARNING * * *
The killer bee misses you. You furiously retaliate!
You headbutt the killer bee, but do no damage.
The hornet stings you but does no damage.
You block the wyvern's attack.
Unknown command.
Really quaff the potion of lignification?
You turn into a tree.
Your +0 pair of gloves melds into your body.
Your +2 ring mail of willpower melds into your body.
You feel less strong-willed.
Your roots penetrate the ground.
You feel sick.
The killer bee stings you but does no damage. x2
The hornet stings you but does no damage.
The wyvern bites you!
* * * LOW HITPOINT WARNING * * *
You block the killer bee's attack.
The hornet stings you but does no damage.
The wyvern bites you but does no damage.
Unknown command.
It was a potion of haste.
You feel yourself speed up.
Cheibriados forgives your accidental hurry, just this once.
You feel sick. The killer bee stings you.
* * * LOW HITPOINT WARNING * * *
The killer bee barely misses you. The hornet stings you!
You die...

#...........####..8
######....##......####..
..........#......###.#.#
.............##.###..[.#
..#####.............#.##
. #...##...... #...÷
#.........####....
#........####.....
#♣.#..#...##......
......yyl..###.....#....
(...(......###.>..#.....
(..........##....##....#
..#y........##...##....#
. #..........##..###...#
.............#.###....
###..............#..#.#
...##...##..


You could see a hornet, a wyvern and 2 killer bees.

Vanquished Creatures
  A wraith (D:5)
  3 yaks (D:4)
  3 ogres
  A centaur (D:5)
  A phantom (D:5)
  A scorpion (D:5)
  A wyvern skeleton (D:6)
  A killer bee (D:7)
  A howler monkey (D:5)
  A bullfrog zombie (D:6)
  A centaur zombie (D:6)
  4 hounds
  An orc priest (D:4)
  A jelly (D:6)
  A bullfrog skeleton (D:5)
  A centaur skeleton (D:6)
  Jessica (D:2)
  8 iguanas
  Robin (D:3)
  4 adders
  A white imp (D:7)
  An ufetubus (D:6)
  5 dart slugs
  12 orcs
  7 ball pythons
  7 endoplasms
  3 giant cockroaches
  20 goblins
  8 hobgoblins
  2 quokkas (D:4)
  4 bats
  4 frilled lizards
  6 kobolds
  9 rats
126 creatures vanquished.

Vanquished Creatures (others)
  3 plants (D:4)
3 creatures vanquished.

Grand Total: 129 creatures vanquished

Notes
Turn   | Place    | Note
-------+----------+-------------------------------------------
     0 | D:1      | Morbidden the Minotaur Hunter began the quest for the Orb.
     0 | D:1      | Reached XP level 1. HP: 18/18 MP: 0/0
    34 | D:1      | Found a faded altar of an unknown god.
   206 | D:1      | Reached XP level 2. HP: 25/25 MP: 1/1
   341 | D:1      | Reached skill level 5 in Crossbows
   959 | D:2      | Found a glowing silver altar of Zin.
   976 | D:2      | Reached XP level 3. HP: 21/30 MP: 2/2
  1019 | D:2      | HP: 1/30 [poisoned by an adder]
  1336 | D:2      | Noticed Jessica
  1346 | D:2      | Killed Jessica
  1347 | D:2      | Reached skill level 1 in Armour
  1347 | D:2      | Reached skill level 1 in Stealth
  1347 | D:2      | Reached XP level 4. HP: 12/38 MP: 3/3
  2296 | D:3      | Found a glowing golden altar of the Shining One.
  2783 | D:3      | Found a broken altar of Ashenzari.
  2926 | D:3      | Noticed Robin
  2932 | D:3      | Killed Robin
  2937 | D:3      | Reached XP level 5. HP: 33/45 MP: 4/4
  3609 | D:4      | Reached skill level 1 in Maces & Flails
  4272 | D:4      | Noticed a yak
  4272 | D:4      | Noticed a yak
  4272 | D:4      | Noticed a yak
  4272 | D:4      | Noticed a yak
  4330 | D:4      | Killed a yak
  4331 | D:4      | Reached XP level 6. HP: 12/52 MP: 5/5
  4335 | D:4      | Killed a yak
  4336 | D:4      | Reached XP level 7. HP: 13/60 MP: 6/6
  4338 | D:4      | Killed a yak
  4339 | D:4      | Reached skill level 6 in Crossbows
  4912 | D:5      | Entered Level 5 of the Dungeon
  4912 | D:5      | Noticed a wraith
  4930 | D:5      | Killed a wraith
  4931 | D:5      | Reached skill level 1 in Axes
  4931 | D:5      | Reached skill level 1 in Shields
  5292 | D:5      | Reached skill level 5 in Fighting
  5292 | D:5      | Reached skill level 1 in Throwing
  5401 | D:5      | Reached XP level 8. HP: 40/68 MP: 7/7
  5839 | D:5      | Reached skill level 5 in Dodging
  7072 | D:6      | Reached skill level 7 in Crossbows
  7658 | D:7      | Found a staircase to the Ecumenical Temple.
  7676 | Temple   | Entered the Ecumenical Temple
  7976 | Temple   | Became a worshipper of Cheibriados the Contemplative
  8087 | D:7      | Noticed a hornet
  8093 | D:7      | Paralysed by a hornet for 2 turns
  8097 | D:7      | HP: 4/106 [killer bee (5)]
  8097 | D:7      | Mangled by a hornet

Illustrated notes

Levels and vault maps discovered:
D:1:      wheals_arrival_linesprint, layout_basic,
          hellmonk_ecumenical_altar_slurped_away
D:2:      layout_basic, basic_altar, uniq_jessica
D:3:      layout_loops_ring, lemuel_doored_altar, mainiacjoe_overflow_24_doors,
          uniq_robin
D:4:      nicolae_cairo_tiling_large, layout_basic, serial_forest,
          infiniplex_forest_pool, infiniplex_forest_corner_2,
          infiniplex_forest_clump_small, infiniplex_forest_end_3,
          infiniplex_forest_straight_2, infiniplex_forest_clump_medium,
          infiniplex_forest_clump_double
D:5:      layout_basic, minmay_ogre_servants
D:6:      layout_basic, minivault_26, minmay_misc_feat_tower
D:7:      layout_cave_pools, minmay_temple_entry_wispy, serial_column_ruins,
          column_ruins_square_large, column_ruins_hut, column_ruins_open_small,
          column_ruins_corridor_corner, column_ruins_grid_3,
          column_ruins_grid_2, column_ruins_grid_1
Temple:   mainiacjoe_temple_cubbyholes

Skill      XL: |  1  2  3  4  5  6  7  8 |
---------------+-------------------------+-----
Crossbows      | 5 6 7 |  7.0
Fighting       | 3 4 5 6 |  6.9
Armour         | 1 2 3 4 |  4.4
Stealth        | 1 2 |  2.1
Maces & Flails | 2 3 |  3.7
Dodging        | 3 4 5 |  5.5
Axes           | 2 4 |  4.9
Shields        | 1 |  1.5
Throwing       | 1 |  1.1
Short Blades   | |  0.7

Action                   |  1- 3 |  4- 6 |  7- 9 || total
-------------------------+-------+-------+-------++-------
Melee: Dagger            |    51 |     5 |       ||    56
       Headbutt          |     4 |     9 |    19 ||    32
       Club              |       |    77 |     3 ||    80
       War axe           |       |       |   100 ||   100
 Fire: Hand crossbow     |    22 |       |    19 ||    41
Throw: Dart              |     9 |     4 |     2 ||    15
  Use: Potion            |       |     4 |     3 ||     7
       Scroll            |       |       |     1 ||     1
 Stab: Sleeping          |     1 |     2 |       ||     3
Armor: Leather armour    |    20 |    13 |    10 ||    43
       Skin              |       |     7 |    19 ||    26
       Ring mail         |       |       |    21 ||    21
Dodge: Dodged            |    23 |    42 |    75 ||   140
Block: Buckler           |       |     6 |    21 ||    27
